 Dungeon Crawl Stone Soup version 0.28-a0-10-g964c8b829e (webtiles) character file.

Game seed: 13524307697372437263

106716 jasper the Tengu Blade (level 16, -15/101 HPs)
             Began as a Tengu Berserker on July 25, 2021.
             Was a High Priest of Trog.
             Demolished by a bunyip (29 damage)
             ... on level 1 of the Swamp.
             The game lasted 00:48:07 (25139 turns).

jasper the Tengu Blade (Tengu Berserker)           Turns: 25139, Time: 00:48:07

Health: -15/101    AC: 19    Str: 29    XL:     16   Next: 44%
Magic:  17/17      EV: 18    Int:  5    God:    Trog [*****.]
Gold:   170        SH:  0    Dex: 21    Spells: 15/15 levels left

rFire   . . .      SeeInvis +   n - +7 great sword (flame)
rCold   x . .      Faith    +   (shield currently unavailable)
rNeg    . . .      Spirit   .   r - +0 plate armour
rPois   +          Reflect  .   m - +0 mask of the Dragon {Will+ Slay+3 SInv}
rElec   .          Harm     .   l - +1 cloak
rCorr   .          Rampage  .   i - +0 pair of gloves
Will    ++++.                   (boots unavailable)
Stlth   ..........              B - amulet of Geoschiu {Faith rC- Regen+ Str+6 Int-3}
HPRegen 2.26/turn               e - ring "Petaq" {Fly Str+6 Slay+3}
MPRegen 0.15/turn               z - ring of poison resistance

@: strong-willed, flying quickly and evasively, regenerating, slowed, very slow
A: beak, talons 3, nimble flight
a: Renounce Religion, Berserk, Trog's Hand, Brothers in Arms


You were on level 1 of the Swamp.
You worshipped Trog.
Trog was extremely pleased with you.
You visited 4 branches of the dungeon, and saw 24 of its levels.

You collected 1757 gold pieces.
You spent 1587 gold pieces at shops.

Inventory:

Hand Weapons
 b - the +4 great sword of Witoveom {vorpal, Fly rPois rCorr Stlth-}
   (Trog gifted it to you on level 6 of the Lair of Beasts)

   It inflicts extra damage upon your enemies.
   rPois:     It protects you from poison.
   Fly:       It grants you flight.
   rCorr:     It protects you from acid and corrosion.
   Stlth:     It makes you less stealthy.
 h - the +9 great sword "Giosk" {protect, Str+3}
   (You acquired it on level 2 of the Dungeon)

   It grants its wielder temporary protection when it strikes (+7 to AC).
   Str:       It affects your strength (+3).
 n - a +7 great sword of flaming (weapon)
 v - a +2 great sword of freezing
 F - a +2 triple sword
Missiles
 j - 33 boomerangs
 k - 73 poisoned darts (quivered)
 u - 6 boomerangs of dispersal
 H - 3 curare-tipped darts
 T - 5 throwing nets
 X - 5 atropa-tipped darts
Armour
 i - a +0 pair of gloves (worn)
 l - a +1 cloak (worn)
 m - the +0 mask of the Dragon (worn) {Will+ Slay+3 SInv}
   (You acquired it on level 14 of the Dungeon)

   Slay:      It affects your accuracy & damage with ranged weapons and melee
   (+3).
   SInv:      It lets you see invisible.
   Will:      It increases your willpower.
 r - a +0 plate armour (worn)
 U - a +0 scale mail of fire resistance
Jewellery
 e - the ring "Petaq" (left hand) {Fly Str+6 Slay+3}
   (You bought it in a shop on level 14 of the Dungeon)

   [ring of strength]

   Str:       It affects your strength (+6).
   Slay:      It affects your accuracy & damage with ranged weapons and melee
   (+3).
   Fly:       It grants you flight.
 s - a ring of protection from fire
 z - a ring of poison resistance (right hand)
 B - the amulet of Geoschiu (around neck) {Faith rC- Regen+ Str+6 Int-3}
   (You acquired it on level 7 of the Dungeon)

   [amulet of faith]

   It allows you to gain divine favour quickly.
   Str:       It affects your strength (+6).
   Int:       It affects your intelligence (-3).
   rC:        It makes you vulnerable to cold.
   Regen:     It increases your rate of health regeneration.
 D - a ring of ice
 Y - a ring of ice
Wands
 o - a wand of polymorph (17)
 J - a wand of charming (11)
 K - a wand of mindburst (16)
 M - a wand of flame (62)
 N - a wand of paralysis (20)
 P - a wand of iceblast (13)
 Z - a wand of acid (9)
Scrolls
 f - 9 scrolls of teleportation
 w - a scroll of brand weapon
 y - a scroll of torment
 I - a scroll of enchant weapon
 O - 3 scrolls of fog
 Q - a scroll of magic mapping
 W - 3 scrolls of enchant armour
Potions
 c - 4 potions of brilliance
 d - 3 potions of attraction
 g - 5 potions of resistance
 p - a potion of mutation
 q - 11 potions of curing
 x - a potion of berserk rage
 A - 2 potions of cancellation
 E - 3 potions of magic
 G - 4 potions of ambrosia
 L - 2 potions of lignification
 R - 5 potions of might
 S - a potion of invisibility
 V - a potion of haste {unknown}


   Skills:
 - Level 12.0 Fighting
 + Level 21.2 Long Blades
 - Level 12.0 Armour
 - Level 12.0 Dodging
 - Level 6.0 Evocations


You had 15 spell levels left.
You didn't know any spells.
Your spell library was empty.

Dungeon Overview and Level Annotations

Branches:
Dungeon (15/15)            Temple (0/1) D:5            Lair (6/6) D:11
  Swamp (1/4) Lair:2       Spider (0/4) Lair:2        Slime (0/5) Lair:6
    Orc (2/2) D:9             Elf (0/3) Orc:2        Vaults (0/5) D:13
 Depths (0/5) D:15

Altars:
Elyvilon
Fedhas
Gozag
Hepliaklqana
Kikubaaqudgha
Uskayaw
Wu Jian
Zin
The Shining One
Beogh
Jiyva

Shops:
D:1 =   D:9 (   D:14 =   Orc:1 *   Orc:2 :?:!

Annotations:
D:13 2 transporters
Lair:6 exclusion: obsidian statue


Innate Abilities, Weirdness & Mutations

You have a beak for a mouth.
You have claws for feet.
Your magical nature lets you fly swiftly and evasively.


Message History

n - a +7 great sword of flaming (weapon)
Your skin crawls.
You feel strong-willed. The alligator bites you!
The alligator completely misses you.
The alligator bites you but does no damage.
The alligator tail-slaps you.
You take 5 damage, and have 47/101 hp.
You slash the alligator! You burn the alligator!
Your kick misses the alligator.
The alligator is moderately wounded.
The alligator bites you but does no damage.
The alligator misses you.
You regained 2 hp, and now have 49/101 hp.
You barely miss the alligator. You claw the alligator! You peck the alligator.
The alligator is heavily wounded.
The bunyip barely misses you. The bunyip completely misses you.
The bunyip barely misses you. The alligator bites you!
The alligator tail-slaps you but does no damage.
The alligator bites you!
* * * LOW HITPOINT WARNING * * *
The alligator barely misses you.
You take 27 damage, and have 22/101 hp.
MASSIVE DAMAGE!!
You chop the alligator into pieces!!! You burn the alligator!
You kill the alligator!
Trog accepts your kill. The four-headed hydra bites you.
* * * LOW HITPOINT WARNING * * *
The four-headed hydra misses you.
The four-headed hydra closely misses you.
The four-headed hydra bites you!
* * * LOW HITPOINT WARNING * * *
You take 7 damage, and have 15/101 hp.
You regained 3 hp, and now have 18/101 hp.
Okay, then.
As you read the scroll of fear, it crumbles to dust.
You assume a fearsome visage.
The bog body is unaffected.
The bunyip resists with some effort.
The bunyip claws you!
* * * LOW HITPOINT WARNING * * *
The bunyip claws you!!
You die...

≈≈≈.# ♣.........♣♣ ≈≈§.##
♣.≈≈≈..≈≈≈.♣. ≈≈≈#.###.#
♣.≈≈≈..≈≈≈... ≈≈≈≈#P..#≈≈≈
♣≈≈≈≈..x≈≈... ≈≈≈≈≈≈≈≈≈≈≈≈≈≈
♣≈≈≈.§≈≈≈.... ≈≈≈≈≈≈≈§≈≈≈≈≈≈
♣♣..≈≈≈≈≈≈§≈.♣
.≈≈≈≈...≈≈≈≈§≈♣♣♣♣♣♣..≈†≈≈≈≈≈≈≈≈.
..≈.......§≈≈...§♣♣..≈≈≈≈≈≈≈§≈≈≈.
..≈≈≈≈..) ♣♣.≈@♣.≈♣♣.≈≈≈≈≈≈≈...
≈.≈≈..≈.♣ ♣.≈≈≈x†n.§≈..≈≈....≈♣
..≈≈≈.♣♣♣ ♣..≈≈.≈≈.≈...≈≈.♣♣♣♣♣
♣.....♣≈♣♣ ♣≈.....≈..≈≈≈≈..♣
.≈..^≈≈≈.♣ ♣♣.≈≈.....≈≈≈≈≈..
≈≈.≈≈..≈≈♣♣♣♣♣♣.≈♣≈.≈≈≈.≈≈≈.!
...≈≈...♣♣♣≈≈≈.≈≈...≈≈..≈≈.
≈.≈≈≈....≈≈..≈≈≈..≈♣≈..≈...
≈..≈.♣♣§.≈≈..≈≈≈.♣♣♣♣.....


You could see a bunyip and a bog body.

Vanquished Creatures
  Jorgrun (Orc:1)
  Frances (D:14)
  4 dire elephants (Lair:6)
  An ettin (Orc:1)
  Snorg (D:13)
  2 fire dragons (D:15)
  Harold (Lair:1)
  Fannar (Orc:1)
  Erolcha (D:13)
  8 hydras
  2 catoblepae
  Josephine (D:12)
  2 centaur warriors
  4 two-headed ogres
  2 dancing weapons (D:13)
  2 alligators (Swamp:1)
  2 orc high priests (Orc:2)
  2 spectral dire elephants (Lair:6)
  Sonja (D:13)
  2 death yaks (Lair:6)
  2 spectral death yaks (Lair:6)
  A goliath frog (Swamp:1)
  3 skeletal warriors (D:14)
  A spectral anaconda (Lair:6)
  A deep elf archer (D:9)
  3 necromancers (Lair:6)
  3 deep elf pyromancers
  2 orc sorcerers (Orc:2)
  2 wolf spiders (Lair:1)
  3 orc knights (Orc:2)
  A cyclops (D:12)
  3 manticores
  10 ugly things
  26 elephants
  Joseph (Lair:1)
  3 black mambas
  A dire elephant zombie (Lair:6)
  A molten gargoyle (Lair:6)
  A gargoyle (D:11)
  18 cane toads
  An unseen horror (D:9)
  5 rime drakes
  2 ice devils (Lair:2)
  An efreet (D:15)
  13 komodo dragons
  2 tyrant leeches
  7 polar bears
  2 trolls
  17 blink frogs
  3 meliai (D:15)
  Grinder (D:6)
  2 hornets
  A blink frog (shapeshifter) (D:15)
  9 slime creatures
  4 dream sheep (Lair:6)
  A centaur simulacrum (D:15)
  2 vampires
  A spriggan (Lair:3)
  2 redbacks (Lair:2)
  7 wraiths
  2 fire elementals
  5 wyverns
  36 yaks
  3 basilisks
  3 steam dragons
  A spectral cane toad (Lair:6)
  10 vampire mosquitoes
  2 swamp worms (Swamp:1)
  2 wargs (D:11)
  17 water moccasins
  An acid dragon (D:13)
  3 hell hounds (D:12)
  A swamp drake (shapeshifter) (D:14)
  4 black bears
  15 orc warriors
  A sky beast (D:7)
  A necrophage (D:7)
  50 wolves
  An elephant zombie (Lair:6)
  2 ogres
  2 centaurs
  4 boggarts (D:14)
  A phantom (D:5)
  3 kobold brigands
  21 bullfrogs
  2 scorpions
  2 gnoll sergeants
  A cane toad simulacrum (Lair:6)
  A water moccasin skeleton (D:5)
  8 killer bees (D:9)
  10 wights
  2 electric eels (Lair:6)
  5 howler monkeys
  7 centaur zombies
  A hound (D:4)
  A lava snake (Lair:6)
  15 orc priests
  A gnoll shaman (D:8)
  6 jellies
  2 bullfrog skeletons (D:5)
  4 hell rats (Lair:5)
  A scorpion zombie (D:5)
  6 iguanas
  16 orc wizards
  Natasha (thrice) (D:3)
  A killer bee zombie (D:9)
  2 howler monkey zombies (D:9)
  7 gnolls
  13 adders
  2 white imps
  2 ufetubi
  4 worms
  3 dart slugs
  34 orcs
  6 ball pythons
  2 bat zombies (D:10)
  9 endoplasms
  5 giant cockroaches
  5 hobgoblins
  17 jackals
  31 kobolds
  4 quokkas
  2 frilled lizards (D:2)
  10 goblins
  A quokka skeleton (D:4)
  3 rats
  A rat zombie (D:10)
659 creatures vanquished.

Vanquished Creatures (collateral kills)
  Rupert (Orc:2)
  Azrael (D:12)
  A dire elephant (Lair:6)
  A boulder beetle (D:12)
  A centaur warrior (D:12)
  Urug (D:12)
  An orc high priest (Orc:2)
  A bog body (Lair:2)
  A deep elf pyromancer (D:12)
  2 orc knights (Orc:2)
  An orc sorcerer (Orc:2)
  2 komodo dragons (Lair:2)
  A troll (Orc:2)
  A redback (Lair:2)
  A basilisk (Lair:2)
  2 water moccasins (Lair:2)
  A hell hound (D:12)
  4 orc warriors (Orc:2)
  A howler monkey (D:12)
  An orc priest (Orc:2)
26 creatures vanquished.

Vanquished Creatures (others)
  2 death yaks (Lair:6)
  An orc sorcerer (Orc:2)
  A rime drake (Lair:6)
  A bloated husk (Swamp:1)
  A vampire mosquito (Swamp:1)
  An endoplasm (D:2)
  43 fungi
  117 plants
  6 withered plants (Lair:6)
173 creatures vanquished.

Grand Total: 858 creatures vanquished

Notes
Turn   | Place    | Note
-------+----------+-------------------------------------------
     0 | D:1      | jasper the Tengu Berserker began the quest for the Orb.
     0 | D:1      | Reached XP level 1. HP: 14/14 MP: 2/2
   369 | D:1      | Reached XP level 2. HP: 17/19 MP: 3/3
   494 | D:1      | Reached skill level 4 in Long Blades
   777 | D:1      | Found Zoohud's Jewellery Shoppe.
   789 | D:1      | Reached XP level 3. HP: 23/23 MP: 4/4
  1564 | D:2      | Reached skill level 5 in Long Blades
  1706 | D:2      | Reached ** piety under Trog
  1821 | D:2      | Found a faded altar of an unknown god.
  1915 | D:2      | Reached XP level 4. HP: 26/28 MP: 5/5
  2244 | D:2      | Identified a scroll of acquirement
  2244 | D:2      | Acquired the +9 great sword "Giosk" {protect, Str+3}
  2501 | D:3      | Noticed Natasha
  2519 | D:3      | Killed Natasha
  2720 | D:3      | Noticed Natasha
  2726 | D:3      | Killed Natasha
  2727 | D:3      | Gained mutation: Your magical nature lets you fly swiftly
                  | and evasively. [Tengu growth]
  2727 | D:3      | Reached XP level 5. HP: 32/32 MP: 6/6
  2776 | D:3      | Found a blossoming altar of Fedhas.
  2931 | D:3      | Noticed Natasha
  2934 | D:3      | Killed Natasha
  2935 | D:3      | Reached skill level 6 in Long Blades
  3553 | D:4      | Reached XP level 6. HP: 38/38 MP: 7/7
  4099 | D:4      | Noticed a black bear
  4111 | D:4      | Killed a black bear
  4112 | D:4      | Reached skill level 7 in Long Blades
  4155 | D:4      | Reached *** piety under Trog
  4156 | D:4      | Reached XP level 7. HP: 37/43 MP: 6/8
  4314 | D:5      | Entered Level 5 of the Dungeon
  4994 | D:5      | Found a hazy altar of Hepliaklqana.
  5007 | D:5      | Reached skill level 8 in Long Blades
  5132 | D:5      | Reached XP level 8. HP: 48/48 MP: 9/9
  5148 | D:5      | Found a staircase to the Ecumenical Temple.
  5387 | D:6      | Found an opulent altar of Gozag.
  5403 | D:6      | Identified the +0 ring mail of Okawaru's Approval {rN++
                  | Str+3}
  5413 | D:6      | Noticed Grinder
  5420 | D:6      | Killed Grinder
  5421 | D:6      | Reached skill level 5 in Fighting
  5421 | D:6      | Reached skill level 5 in Armour
  5666 | D:6      | Found a hide-covered altar of Uskayaw.
  6025 | D:1      | Bought a ring of poison resistance for 260 gold pieces
  6184 | D:7      | Reached skill level 9 in Long Blades
  6570 | D:7      | Acquired the amulet of Geoschiu {Faith rC- Regen+ Str+6
                  | Int-3}
  6842 | D:7      | Reached XP level 9. HP: 54/55 MP: 10/10
  7189 | D:8      | Found an ornate altar of the Wu Jian Council.
  7313 | D:7      | Reached skill level 10 in Long Blades
  7507 | D:8      | Reached **** piety under Trog
  7740 | D:8      | Reached skill level 11 in Long Blades
  7765 | D:8      | Identified the +6 war axe of Ythaosen {vorpal, Will+}
  7868 | D:8      | Found a glowing silver altar of Zin.
  7976 | D:8      | Identified the +2 leather armour of the Orcish Mines
                  | {Int+3}
  8256 | D:9      | Reached XP level 10. HP: 63/63 MP: 11/11
  8550 | D:9      | Found a staircase to the Orcish Mines.
  8636 | D:9      | Killed an unseen horror
  8708 | D:9      | Noticed a catoblepas
  8708 | D:9      | Noticed a centaur warrior
  8746 | D:9      | Killed a centaur warrior
  8747 | D:9      | Reached skill level 12 in Long Blades
  8840 | D:10     | Entered Level 10 of the Dungeon
  9010 | D:10     | Found a white marble altar of Elyvilon.
  9060 | D:10     | Noticed a two-headed ogre
  9082 | D:10     | Killed a two-headed ogre
  9311 | D:10     | Found an ancient bone altar of Kikubaaqudgha.
  9655 | D:10     | Reached skill level 13 in Long Blades
  9655 | D:10     | Reached XP level 11. HP: 62/69 MP: 12/12
 10287 | D:11     | Reached ***** piety under Trog
 10639 | D:11     | Noticed a two-headed ogre
 10651 | D:11     | Killed a two-headed ogre
 10720 | D:11     | Found a staircase to the Lair.
 11037 | D:11     | Reached skill level 14 in Long Blades
 11044 | D:11     | Reached skill level 10 in Armour
 11212 | D:11     | Reached skill level 1 in Evocations
 11438 | D:11     | Identified the +1 leather armour "Ofomamac" {Str+5}
 11499 | Lair:1   | Entered Level 1 of the Lair of Beasts
 11547 | Lair:1   | Noticed a wolf spider
 11557 | Lair:1   | Killed a wolf spider
 11558 | Lair:1   | Reached XP level 12. HP: 58/77 MP: 13/13
 11604 | Lair:1   | Reached skill level 10 in Fighting
 11669 | Lair:1   | Received a gift from Trog
 11731 | Lair:1   | Noticed Harold
 11820 | Lair:1   | Reached skill level 5 in Dodging
 11864 | Lair:1   | Noticed Joseph
 11881 | Lair:1   | Killed Joseph
 12067 | Lair:1   | Killed Harold
 12644 | Lair:2   | Reached skill level 5 in Evocations
 12925 | Lair:3   | Noticed a six-headed hydra
 12934 | Lair:3   | Killed a four-headed hydra
 12935 | Lair:3   | Reached XP level 13. HP: 84/84 MP: 14/14
 13262 | Lair:3   | Received a gift from Trog
 14354 | Lair:4   | Reached skill level 10 in Dodging
 15284 | Lair:5   | Reached XP level 14. HP: 92/92 MP: 15/15
 15507 | Lair:5   | Identified the +10 falchion of the Living Dead {flame,
                  | Str+6}
 15908 | Lair:5   | Received a gift from Trog
 16285 | Orc:1    | Entered Level 1 of the Orcish Mines
 16292 | Orc:1    | Found Eaitaiw's Eclectic Emporium.
 16300 | Orc:1    | Noticed Jorgrun
 16646 | D:9      | Found Bynequeng's Antique Weapon Boutique.
 16661 | D:9      | Reached skill level 15 in Long Blades
 16974 | D:9      | Found a viscous altar of Jiyva.
 17351 | D:12     | HP: 1/92 [centaur warrior/arrow (14)]
 17351 | D:12     | Noticed Urug
 17369 | D:12     | Killed Urug
 17559 | D:12     | Noticed Josephine
 17565 | D:12     | Killed Josephine
 17884 | D:12     | Reached skill level 16 in Long Blades
 17989 | D:12     | Noticed Azrael
 17998 | D:12     | Killed Azrael
 18514 | D:13     | Found a transporter.
 18514 | D:13     | Found a transporter.
 18514 | D:13     | Noticed an orc warlord
 18517 | D:13     | Noticed an orc warlord
 18518 | D:13     | Noticed an orc warlord
 18671 | D:13     | Received a gift from Trog
 18779 | D:13     | Noticed Erolcha
 18787 | D:13     | Killed Erolcha
 18876 | D:13     | Noticed Sonja
 18892 | D:13     | Killed Sonja
 19205 | D:13     | Reached skill level 17 in Long Blades
 19233 | D:13     | Noticed Snorg
 19237 | D:13     | Killed Snorg
 19415 | D:13     | Found a gate to the Vaults.
 19697 | D:14     | Reached XP level 15. HP: 89/96 MP: 16/16
 19822 | D:14     | Found Ibiups's Jewellery Emporium.
 20012 | D:14     | Acquired the +0 mask of the Dragon {Will+ Slay+3 SInv}
 20013 | D:14     | Found the +0 mask of the Dragon {Will+ Slay+3 SInv}
 20060 | D:14     | Noticed Frances
 20074 | D:14     | Killed Frances
 20375 | D:14     | Found a glowing golden altar of the Shining One.
 20447 | D:15     | Entered Level 15 of the Dungeon
 20559 | D:15     | Reached skill level 18 in Long Blades
 21240 | D:15     | Received a gift from Trog
 21380 | D:15     | Found a staircase to the Depths.
 21527 | D:14     | Bought the ring "Petaq" {Fly Str+6 Slay+3} for 1042 gold
                  | pieces
 21764 | Orc:1    | Killed Jorgrun
 21928 | Orc:2    | Entered Level 2 of the Orcish Mines
 21972 | Orc:1    | Noticed Fannar
 21978 | Orc:1    | Killed Fannar
 22165 | Orc:2    | Found a staircase to the Elven Halls.
 22390 | Orc:2    | Reached skill level 19 in Long Blades
 22391 | Orc:2    | Noticed Rupert
 22398 | Orc:2    | Killed Rupert
 22762 | Orc:2    | Received a gift from Trog
 22829 | Orc:2    | Found Reyrph's Distillery.
 22829 | Orc:2    | Found Arhusic's Book Shop.
 22831 | Orc:2    | Found Waceng's Magic Scroll Shoppe.
 22831 | Orc:2    | Found Pigoegoca's Book Shop.
 22837 | Orc:2    | Bought 2 potions of curing for 90 gold pieces
 22837 | Orc:2    | Bought a potion of resistance for 150 gold pieces
 22837 | Orc:2    | Bought a potion of curing for 45 gold pieces
 23108 | Lair:2   | Found a hole to the Spider Nest.
 23225 | Lair:2   | Found a staircase to the Swamp.
 23525 | Lair:6   | Entered Level 6 of the Lair of Beasts
 23860 | Lair:6   | Reached skill level 20 in Long Blades
 23953 | Lair:6   | Identified the +4 great sword of Witoveom {vorpal, Fly
                  | rPois rCorr Stlth-} (Trog gifted it to you on level 6 of
                  | the Lair of Beasts)
 23953 | Lair:6   | Received a gift from Trog
 23955 | Lair:6   | Reached XP level 16. HP: 101/101 MP: 17/17
 24036 | Lair:6   | Found a viscous altar of Jiyva.
 24036 | Lair:6   | Found a staircase to the Slime Pits.
 24419 | Lair:6   | Reached skill level 21 in Long Blades
 24894 | Swamp:1  | Entered Level 1 of the Swamp
 25139 | Swamp:1  | Demolished by a bunyip

Illustrated notes

Levels and vault maps discovered:
D:1:      onia_arrival_mini_spirals, layout_loops_ring, serial_shops, shop
D:2:      layout_rooms, shapermc_ecumenical_altar_venn, lexackson_kobold_supper
D:3:      layout_loops_ring, fedhas_altar_4, hangedman_abyss_or_decor_stabs,
          serial_bayou_pond_b, minmay_box_of_dots, uniq_natasha
D:4:      layout_loops_cross
D:5:      layout_loops_ring, nicolae_hepliaklqana_hazy_memory,
          minmay_temple_entry_enclosed_plants
D:6:      layout_basic, grunt_temple_overflow_open, uniq_grinder
D:7:      layout_basic, amcnicky_mini_pool_small
D:8:      layout_basic, zin_treasury, lemuel_round_altar
D:9:      nzn_winding_woodlands_three_and_one [nzn_winding_woodlands_5x15_twine,
          nzn_winding_woodlands_5x15_cabin, nzn_winding_woodlands_5x15_garden,
          nzn_winding_woodlands_center_lodge], layout_grid_maze, orc_0_dummy,
          serial_shops, nicolae_shop_trees, jiyva_altar_1
D:10:     layout_layer_cave, lemuel_zombie_altar_kikubaaqudgha, elyvilon_altar_5
D:11:     layout_grid_maze, erik_lair_orcish_takeover
D:12:     layout_roguey, uniq_azrael, uniq_urug, uniq_josephine
D:13:     gammafunk_beogh_shrine, layout_stronghold, erik_vaults_1,
          kennysheep_generic_room_12, uniq_erolcha, uniq_sonja, uniq_snorg
D:14:     layout_roguey, nicolae_tso_swordbearing_angel, serial_shops,
          nicolae_take_the_stairs, uniq_frances
D:15:     grunt_enter_depths_hoard, layout_basic, serial_park_tiny_1,
          hangedman_decor_lopped
Lair:1:   minmay_lair_venomous_thicket, layout_misc_corridors,
          grunt_forest_large_clearings, lemuel_fruit_tree, uniq_harold,
          uniq_joseph
Lair:2:   layout_regular_city, skrybe_swamp_entry_bodies, spider_nest_entry_a,
          portal_ice_cave_demonic_guard
Lair:3:   layout_chaotic_city, serial_forest, infiniplex_forest_lined_3,
          infiniplex_forest_straight_4, infiniplex_forest_end_1,
          infiniplex_forest_side_room, infiniplex_forest_clump_long,
          chequers_serial_rivers_small_3, grunt_forest_stairs_clearing
Lair:4:   cheibrodos_lair_river_kwai, layout_regular_city, grunt_megastairs_4
Lair:5:   layout_gridlike, cheibrodos_lair_lostbears
Lair:6:   due_jungle_book, layout_gridlike, dpeg_slime_entry_enclosed_altar,
          grunt_megastairs_3
Swamp:1:  layout_basic_swamp, nicolae_swamp_little_tower
Orc:1:    layout_caves, nicolae_alphabet_shops, uniq_jorgrun, uniq_nergalle,
          uniq_fannar
Orc:2:    grunt_orc_tribal_feast, layout_caves, uniq_rupert

Skill      XL: |  1  2  3  4  5  6  7  8  9 10 11 12 13 14 15 16 |
---------------+-------------------------------------------------+-----
Long Blades    | 4 5 6 7 8 9 11 13 14 17 20 21 | 21.2
Armour         | 3 4 6 7 9 10 11 12 | 12.0
Fighting       | 4 5 7 8 9 11 12 | 12.0
Evocations     | 2 5 6 |  6.0
Dodging        | 3 6 11 12 | 12.0

Action                   |  1- 3 |  4- 6 |  7- 9 | 10-12 | 13-15 | 16-18 || total
-------------------------+-------+-------+-------+-------+-------+-------++-------
Melee: Falchion          |    62 |    15 |       |       |       |       ||    77
       Kick              |    19 |    17 |    36 |   148 |   371 |    84 ||   675
       Peck              |     6 |    11 |    25 |   100 |   199 |    60 ||   401
       Great sword       |       |    73 |   119 |   297 |   646 |   120 ||  1255
 Fire: Hunting sling     |       |       |    52 |    62 |       |       ||   114
Throw: Stone             |    48 |    64 |       |       |       |       ||   112
       Dart              |       |    20 |    21 |    40 |   229 |     5 ||   315
Invok: Berserk           |     7 |     6 |     4 |     5 |    10 |     1 ||    33
       Trog's Hand       |       |     1 |       |     5 |     8 |     2 ||    16
       Brothers in Arms  |       |       |       |     2 |     5 |     1 ||     8
Evoke: Wand              |       |       |       |     2 |     5 |       ||     7
  Use: Scroll            |       |     9 |     7 |     7 |    10 |     3 ||    36
       Potion            |       |       |       |       |     1 |       ||     1
Armor: Ring mail         |     4 |     2 |       |       |       |       ||     6
       Chain mail        |       |    31 |    19 |       |       |       ||    50
       Plate armour      |       |       |    46 |   276 |   261 |    44 ||   627
Dodge: Dodged            |    39 |    28 |    45 |   223 |   575 |    97 ||  1007
       Rpst.: Falchion   |    12 |       |       |       |       |       ||    12
       Great sword       |       |     6 |    10 |    64 |   149 |    24 ||   253

Table legend: (Time is in decaauts)
 A = Elapsed time spent in this place.
 B = Non-inter-level travel time spent in this place.
 C = Inter-level travel time spent in this place.
 D = Time resting spent in this place.
 E = Time spent auto-exploring this place.
 F = Levels seen in this place.
 G = Mean time per level.
                   A        B        C        D        E       F      G
               +--------+--------+--------+--------+--------+-----+--------+
         Total |  23917 |  22256 |   1661 |   3419 |  14503 |  24 |  996.5 |
       Dungeon |  16543 |  15355 |   1188 |   2755 |  10112 |  15 | 1102.9 |
          Lair |   6149 |   5719 |    430 |    421 |   3803 |   6 | 1024.8 |
         Swamp |    112 |    112 |      0 |     21 |     29 |   1 |  112.0 |
  Orcish Mines |   1112 |   1071 |     41 |    222 |    558 |   2 |  556.0 |
               +--------+--------+--------+--------+--------+-----+--------+

Top non-repeatable levels by time:
     D:9: 1693 daAuts
     D:1: 1500 daAuts
    D:10: 1480 daAuts
    D:11: 1303 daAuts
     D:3: 1239 daAuts
    D:13: 1163 daAuts
  Lair:6: 1160 daAuts
    D:12: 1113 daAuts
  Lair:4: 1087 daAuts
     D:7: 1068 daAuts
    D:15: 1044 daAuts
  Lair:3: 1002 daAuts
  Lair:5: 985 daAuts
  Lair:1: 974 daAuts
     D:2: 962 daAuts
